 Dungeon Crawl Stone Soup version 0.29-a0-321-gf1c400731a (webtiles) character file.

Game seed: 18382365987513875683

2283 sokol815 the Slinger (level 9, 0/41 HPs)
             Began as a Spriggan Hunter on Apr 5, 2022.
             Slain by a killer bee (7 damage)
             ... on level 7 of the Dungeon.
             The game lasted 00:28:39 (10855 turns).

sokol815 the Slinger (Spriggan Hunter)             Turns: 10855, Time: 00:28:40

Health: 0/41       AC:  3    Str:  7    XL:     9   Next: 16%
Magic:  25/25      EV: 22    Int: 15    God:
Gold:   408        SH:  0    Dex: 18    Spells: 12/16 levels left

rFire   . . .      SeeInvis +   p - +1 hand axe (venom)
rCold   . . .      Faith    .   (no shield)
rNeg    . . .      Spirit   .   l - +1 robe
rPois   +          Reflect  .   (helmet restricted)
rElec   .          Harm     .   (no cloak)
rCorr   .          Rampage  .   (gloves unavailable)
Will    ++...                   (boots unavailable)
Stlth   ++........              o - amulet of magic regeneration
HPRegen 0.13/turn               P - ring of poison resistance {rPois, !d}
MPRegen 0.59/turn               h - ring of Odogada {Will+ MP+9}

@: lethally poisoned (0 -> -7), very quick
A: very small, no large weapons, unfitting armour, see invisible, speed 3
a: no special abilities


You were on level 7 of the Dungeon.
You visited 1 branch of the dungeon, and saw 7 of its levels.
You also visited: Bailey.

You collected 408 gold pieces.

Inventory:

Hand Weapons
 a - the +9 fustibalus of Qaetiahuyx {freeze, rN++ Str+5 Int-5}
   (You acquired it on level 7 of the Dungeon)

   Any ammunition fired from it freezes those it strikes, dealing additional
   cold damage.
   It can also slow down cold-blooded creatures.
   Str:       It affects your strength (+5).
   Int:       It affects your intelligence (-5).
   rN:        It greatly protects you from negative energy.
 b - the +7 dagger of Might {vorpal, Dex+2}
   (You found it on level 3 of the Dungeon)

   It inflicts extra damage upon your enemies.
   Dex:       It affects your dexterity (+2).
 i - a +0 hand crossbow
   (You took it off a kobold on level 2 of the Dungeon)
 n - a +2 dagger of venom
   (You took it off a goblin on level 1 of the Dungeon)
 p - a +1 hand axe of venom (weapon)
   (You took it off an orc priest on level 3 of the Dungeon)
 v - a +0 whip of flaming
   (You took it off Pikel on level 5 of the Dungeon)
 w - a +1 vorpal hunting sling
 x - a +1 hunting sling of flaming
   (You found it on level 6 of the Dungeon)
Missiles
 g - 8 poisoned darts (quivered)
 s - 145 stones
 t - 11 boomerangs
 u - a throwing net {!d}
Armour
 l - a +1 robe (worn)
 y - the +0 robe "Qody" {Contam rC+ Str+6}
   (You found it in a bailey)

   Str:       It affects your strength (+6).
   rC:        It protects you from cold.
   Contam:    It causes magical contamination when unequipped.
Magical Staves
 d - a staff of poison {rPois}
   (You found it on level 3 of the Dungeon)
Jewellery
 f - a ring of fire {rF+, rC-}
   (You found it on level 7 of the Dungeon)
 h - the ring of Odogada (right hand) {Will+ MP+9}
   (You found it in a bailey)

   [ring of magical power]

   MP:        It affects your magic capacity (+9).
   Will:      It increases your willpower.
 o - an amulet of magic regeneration (around neck)
   (You found it on level 4 of the Dungeon)
 P - a ring of poison resistance (left hand) {rPois, !d}
   (You found it on level 4 of the Dungeon)
Wands
 j - a wand of polymorph (8)
   (You found it on level 7 of the Dungeon)
 q - a wand of flame (11)
   (You took it off Pikel on level 5 of the Dungeon)
Scrolls
 e - 3 scrolls of amnesia
 k - 3 scrolls of enchant armour
 K - a scroll of immolation {!r}
 X - a scroll of magic mapping {@r4!r}
 Y - 5 scrolls of teleportation {@r3}
Potions
 c - 3 potions of might {unknown}
 m - a potion of cancellation
 r - a potion of lignification {!q}
 z - a potion of resistance {unknown}
 A - a potion of haste {unknown}
 B - a potion of brilliance {unknown}
 G - 2 potions of ambrosia {!q}
 J - a potion of curing {@q1}
 N - 3 potions of heal wounds {@q2}
 U - a potion of mutation {!q}


   Skills:
 - Level 1.5 Fighting
 * Level 5.1 Short Blades
 - Level 9.2 Slings
 - Level 8.0 Dodging
 - Level 1.5 Stealth
 + Level 4.1 Spellcasting
 * Level 5.8 Hexes
 + Level 2.9 Earth Magic


You had 12 spell levels left.
You knew the following spells:

 Your Spells              Type           Power      Damage    Failure   Level
a - Leda's Liquefaction   Hex/Erth       8%         N/A       30%         4

Your spell library contained the following spells:

 Spells                   Type           Power      Damage    Failure   Level
 Portal Projectile        Hex/Tloc       22%        N/A       16%         3
 Summon Guardian Golem    Hex/Summ       11%        N/A       16%         3
 Animate Skeleton         Necr           6%         N/A       19%         1
 Pain                     Necr           12%        1d4       19%         1
 Summon Small Mammal      Summ           12%        N/A       19%         1
 Stone Arrow              Conj/Erth      14%        3d7       30%         3
 Call Canine Familiar     Summ           3%         N/A       47%         3
 Vampiric Draining        Necr           3%         2d6       47%         3
 Animate Armour           Summ/Erth      14%        N/A       69%         4
 Agony                    Necr           3%         N/A       99%         5
 Excruciating Wounds      Necr           1%         N/A       99%         5
 Lehudib's Crystal Spear  Conj/Erth      3%         10d3      100%        8


Dungeon Overview and Level Annotations

Branches:
Dungeon (7/15)             Temple (0/1) D:7          Bailey (visited)

Altars:
Fedhas
Qazlal
Trog
Vehumet
Xom

Shops:
D:2 ([

Annotations:
D:5 exclusion: steam dragon
D:6 Blork the orc, Maggie
D:7 exclusion: jelly


Innate Abilities, Weirdness & Mutations

You are very small and have problems with some larger weapons.
You are too small for most types of armour.
You have supernaturally acute eyesight. (SInv)
You cover ground extremely quickly. (Speed+++)


Message History

You feel stupid.
The +9 fustibalus of Qaetiahuyx {freeze, rN++ Str+5 Int-5} is covered in frost.
a - the +9 fustibalus of Qaetiahuyx (weapon)
{freeze, rN++ Str+5 Int-5}
Items here: )))) ÷.
MP restored: 25 You enter the shallow water.
Moving in this stuff is going to be slow.
As you open the door, it creaks loudly! 5 killer bees come into view.
The killer bee buzzes angrily.
You hear an angry hiss.
The killer bee buzzes angrily.
An iguana comes into view.
The killer bee moves out of view.
You close the door.
You shoot a sling bullet. The sling bullet hits the killer bee.
The sling bullet freezes the killer bee.
You shoot a sling bullet.
The sling bullet closely misses the killer bee.
The sling bullet hits the killer bee!
The sling bullet freezes the killer bee.
The killer bee barely misses you. The killer bee closely misses you. x2
You shoot a sling bullet.
The sling bullet closely misses the killer bee.
The killer bee barely misses you.
The killer bee stings you but does no damage.
The killer bee completely misses you. The killer bee stings you.
The killer bee misses you.
You take 5 damage, and have 36/41 hp.
Okay, then.
The +9 fustibalus of Qaetiahuyx {freeze, rN++ Str+5 Int-5} stops glowing.
Your +1 hand axe of venom begins to drip with poison!
p - a +1 hand axe of venom (weapon)
The killer bee stings you! The killer bee completely misses you.
The killer bee buzzes angrily.
You take 9 damage, and have 27/41 hp.
MASSIVE DAMAGE!!
Okay, then.
As you read the scroll of summoning, it crumbles to dust.
Wisps of shadow whirl around you...
The killer bee buzzes angrily.
The killer bee closely misses you. The killer bee completely misses you.
The killer bee barely misses you. The killer bee completely misses you.
The killer bee misses you.
You closely miss the killer bee. x2; You barely miss the killer bee.
The killer bee barely misses you. The killer bee closely misses you.
The killer bee stings you but does no damage.
The killer bee closely misses you. The killer bee misses you.
The killer bee completely misses you. The killer bee closely misses you.
Your white imp gestures at the killer bee.
The puff of frost misses the killer bee.
Your white imp hits the killer bee.
Your white imp freezes the killer bee.
The killer bee completely misses you. The killer bee closely misses you.
The killer bee misses you. The killer bee stings your white imp.
Your white imp is poisoned.
The killer bee poisons your white imp!
You hit the killer bee.
The killer bee is poisoned.
You barely miss the killer bee. You miss the killer bee.
You barely miss the killer bee. The killer bee closely misses you.
The killer bee misses you. The killer bee completely misses you.
The killer bee stings you. x2; The killer bee closely misses you.
The killer bee barely misses your white imp.
The killer bee stings your white imp.
Your white imp looks even sicker.
The killer bee poisons your white imp!
Your white imp closely misses the killer bee.
Your white imp gestures at the killer bee.
The puff of frost hits the killer bee.
You take 4 damage, and have 23/41 hp.
You hit the killer bee but do no damage.
The killer bee looks as sick as possible!
You miss the killer bee. You barely miss the killer bee.
You closely miss the killer bee.
Your white imp dies!
Your white imp dissolves into shadows!
The killer bee stings you! The killer bee stings you.
The killer bee closely misses you. The killer bee completely misses you.
Your wyvern completely misses the killer bee.
The killer bee stings you. The killer bee misses you. x2
The killer bee stings you.
* * * LOW HITPOINT WARNING * * *
You are lethally poisoned!
The killer bee poisons you!
Your white imp hits the killer bee.
Your white imp freezes the killer bee.
The killer bee dies!
Your wyvern bites the killer bee!
The killer bee closely misses you. The killer bee misses you.
The killer bee completely misses you.
You take 12 damage, and have 11/41 hp.
MASSIVE DAMAGE!!
You barely miss the killer bee. You miss the killer bee. x2
You barely miss the killer bee.
* * * LOW HITPOINT WARNING * * *
You feel very sick.
You kill the killer bee!
The killer bee stings you but does no damage.
The killer bee completely misses you. The killer bee misses you.
Your wyvern barely misses the killer bee.
Your white imp closely misses the killer bee.
The killer bee stings you but does no damage.
The killer bee completely misses you. The killer bee stings you!
You die...

**#####*########************
*,......#......#......,,,,,*
*,..y..y+......#......,,,,,*
*,y..y..#.l....+......,,,,,*
*,.....,##y@...#....#*,,,,,*
*,l.....##lyy........,,,,,,*
*,...........5.≈≈≈≈≈≈≈..,,,*
**.............≈#####≈.####*
*,.............≈#...#≈..).##
*,,..##.##..##.≈).∩.#≈.....#
**,.,*####..##.≈#...#≈.....#
*,,,,*,........≈#####≈.....#
**,,,*,........≈≈≈≈≈≈≈.....#


You could see an iguana, 3 killer bees, a friendly wyvern (summoned) and a
friendly white imp (summoned).

Vanquished Creatures
  Pikel (D:5)
  Sigmund (D:3)
  A steam dragon (D:6)
  4 orc warriors (Bailey)
  An ogre (D:6)
  A lemure (D:5)
  A kobold brigand (D:4)
  A scorpion (D:6)
  A killer bee (D:7)
  4 orc priests
  4 hounds
  A gnoll shaman (D:4)
  5 iguanas
  An orc wizard (D:5)
  8 adders
  6 gnolls
  A shadow imp (D:7)
  A white imp (D:5)
  An ufetubus (D:5)
  4 worms
  3 dart slugs
  15 orcs
  12 ball pythons
  7 endoplasms
  5 giant cockroaches
  13 goblins
  11 hobgoblins
  8 jackals
  5 quokkas
  4 bats
  4 frilled lizards
  11 kobolds
  6 rats
152 creatures vanquished.

Vanquished Creatures (collateral kills)
  A centaur (D:7)
  A bullfrog (D:7)
  A killer bee (D:7)
3 creatures vanquished.

Vanquished Creatures (others)
  2 fungi (D:7)
  A plant (D:7)
3 creatures vanquished.

Grand Total: 158 creatures vanquished

Notes
Turn   | Place    | Note
-------+----------+-------------------------------------------
     0 | D:1      | sokol815 the Spriggan Hunter began the quest for the Orb.
     0 | D:1      | Reached XP level 1. HP: 10/10 MP: 2/2
    64 | D:1      | Reached skill level 5 in Slings
    64 | D:1      | Reached skill level 3 in Dodging
   104 | D:1      | Reached XP level 2. HP: 14/14 MP: 3/3
   304 | D:1      | Reached XP level 3. HP: 18/18 MP: 4/4
   431 | D:1      | Reached skill level 4 in Dodging
   878 | D:2      | Found a bloodstained altar of Trog.
   897 | D:2      | Found Cutroff's Antique Armour Emporium.
  1015 | D:2      | Reached XP level 4. HP: 22/22 MP: 5/5
  1097 | D:2      | Reached skill level 6 in Slings
  1690 | D:2      | Found Cuv Did's Weapon Emporium.
  2075 | D:3      | Noticed Sigmund
  2098 | D:3      | Killed Sigmund
  2099 | D:3      | Reached skill level 7 in Slings
  2099 | D:3      | Reached skill level 5 in Dodging
  2099 | D:3      | Reached XP level 5. HP: 21/25 MP: 6/6
  2099 | D:3      | Reached XP level 6. HP: 25/30 MP: 7/7
  2263 | D:3      | Identified the +7 dagger of Might {vorpal, Dex+2}
  3088 | D:4      | Reached skill level 8 in Slings
  3088 | D:4      | Reached skill level 6 in Dodging
  4143 | D:4      | HP: 7/30 [hobgoblin/bolt of acid (23)]
  4394 | D:4      | Reached XP level 7. HP: 33/33 MP: 8/8
  4667 | D:3      | HP: 6/33 [orc priest/divine providence (10)]
  5125 | D:4      | Reached skill level 9 in Slings
  5499 | D:5      | Entered Level 5 of the Dungeon
  5690 | D:5      | Learned a level 4 spell: Leda's Liquefaction
  5904 | D:5      | Noticed Pikel
  5999 | D:5      | Reached skill level 1 in Hexes
  6713 | D:5      | Found a shimmering altar of Xom.
  6717 | D:5      | Found a bloodstained altar of Trog.
  6786 | D:5      | Noticed a steam dragon
  6916 | D:5      | Killed Pikel
  6917 | D:5      | Reached skill level 3 in Short Blades
  6917 | D:5      | Reached skill level 7 in Dodging
  6917 | D:5      | Reached skill level 2 in Spellcasting
  6917 | D:5      | Reached skill level 3 in Hexes
  6917 | D:5      | Reached skill level 1 in Earth Magic
  6917 | D:5      | Reached XP level 8. HP: 33/37 MP: 9/12
  7234 | D:6      | HP: 9/37 [something/ball of steam (20)]
  7653 | D:6      | Noticed Maggie
  7936 | D:6      | Noticed Blork the orc
  8052 | D:6      | Reached skill level 4 in Hexes
  8052 | D:6      | Reached skill level 2 in Earth Magic
  8106 | D:6      | HP: 6/37 [steam dragon] (5)]
  8111 | D:6      | Reached skill level 3 in Spellcasting
  8391 | D:6      | Reached skill level 4 in Short Blades
  8841 | D:7      | Found a stormy altar of Qazlal.
  8841 | D:7      | Found a blossoming altar of Fedhas.
  9000 | D:7      | HP: 9/37 [centaur/arrow (8)]
  9004 | D:7      | Reached skill level 5 in Hexes
  9027 | D:7      | Found a radiant altar of Vehumet.
  9045 | D:7      | Found a flagged portal.
  9062 | Bailey   | Entered a bailey
  9131 | Bailey   | Reached skill level 8 in Dodging
  9147 | Bailey   | Noticed an orc warlord
  9674 | Bailey   | Reached XP level 9. HP: 30/41 MP: 15/15
  9793 | Bailey   | Found a runed translucent gate.
  9795 | Bailey   | Found a runed translucent gate.
  9796 | Bailey   | Found a runed translucent gate.
  9834 | Bailey   | Reached skill level 5 in Short Blades
  9834 | Bailey   | Reached skill level 4 in Spellcasting
 10258 | Bailey   | HP: 2/41 [orc warlord/+0 war axe (36)]
 10796 | Bailey   | Identified the ring of Odogada {Will+ MP+9}
 10807 | Bailey   | Identified the +0 robe "Qody" {Contam rC+ Str+6}
 10817 | D:7      | Acquired the +9 fustibalus of Qaetiahuyx {freeze, rN++
                  | Str+5 Int-5}
 10855 | D:7      | HP: 7/41 [poisoned by a killer bee]
 10855 | D:7      | Slain by a killer bee

Illustrated notes

Levels and vault maps discovered:
D:1:      dpeg_arrival_brainrot, layout_loops_ring, minivault_14
D:2:      layout_loops_corners, basic_altar, serial_shops, shop, shop_fountains
D:3:      layout_basic, uniq_sigmund
D:4:      layout_rooms
D:5:      layout_loops_ring, nicolae_overflow_hidden_temple, uniq_pikel
D:6:      layout_gridville, nicolae_gozag_seed_capital, uniq_maggie,
          uniq_blork_the_orc
D:7:      layout_gridville, grunt_temple_overflow_forces_of_nature,
          fiery_altar_vehumet, minmay_temple_entry_wispy, enter_bailey_3

Skill      XL: |  1  2  3  4  5  6  7  8  9 |
---------------+----------------------------+-----
Slings         | 5 7 8 9 |  9.2
Dodging        | 3 4 5 6 7 8 |  8.0
Hexes          | 3 5 |  5.8
Short Blades   | 3 4 5 |  5.1
Spellcasting   | 2 3 4 |  4.1
Earth Magic    | 1 2 |  2.9
Fighting       | |  1.5
Stealth        | |  1.5

Action                   |  1- 3 |  4- 6 |  7- 9 || total
-------------------------+-------+-------+-------++-------
Melee: Dagger            |       |    11 |    83 ||    94
       Punch             |       |       |     2 ||     2
       Hand axe          |       |       |     4 ||     4
 Fire: Hunting sling     |    85 |   234 |   316 ||   635
       Fustibalus        |       |       |     3 ||     3
Throw: Dart              |       |       |    15 ||    15
 Cast: Leda's Liquefacti |       |       |     1 ||     1
Evoke: Wand              |       |       |    15 ||    15
  Use: Scroll            |     4 |     9 |     8 ||    21
       Potion            |       |       |     3 ||     3
 Stab: Sleeping          |       |       |     1 ||     1
Armor: Robe              |     1 |     6 |    18 ||    25
Dodge: Dodged            |    16 |    75 |   149 ||   240

Table legend: (Time is in decaauts)
 A = Elapsed time spent in this place.
 B = Non-inter-level travel time spent in this place.
 C = Inter-level travel time spent in this place.
 D = Time resting spent in this place.
 E = Time spent auto-exploring this place.
 F = Levels seen in this place.
 G = Mean time per level.
                   A        B        C        D        E       F      G
               +--------+--------+--------+--------+--------+-----+--------+
         Total |   8775 |   8558 |    217 |   4050 |   2647 |   8 | 1096.9 |
       Dungeon |   7307 |   7090 |    217 |   3276 |   2574 |   7 | 1043.9 |
        Bailey |   1467 |   1467 |      0 |    774 |     72 |   1 | 1467.0 |
               +--------+--------+--------+--------+--------+-----+--------+

Top non-repeatable levels by time:
     D:4: 1908 daAuts
  Bailey: 1467 daAuts
     D:3: 1457 daAuts
     D:5: 1262 daAuts
     D:6: 1083 daAuts
     D:2: 851 daAuts
     D:1: 556 daAuts
     D:7: 188 daAuts

Table legend:
 A = Kills in this place as a percentage of kills in entire the game.
 B = Kills by you in this place as a percentage of kills by you in the entire game.
 C = Kills by friends in this place as a percentage of kills by friends in the entire game.
 D = Other kills in this place as a percentage of other kills in the entire game.
 E = Experience gained in this place as a percentage of experience gained in the entire game.
 F = Experience gained in this place divided by the number of levels of this place that you have seen.
                   A       B       C       D       E      F
               +-------+-------+-------+-------+-------+----------------------
         Total | 100.0 | 100.0 | 100.0 |   N/A | 100.0 | 415.4
       Dungeon |  86.4 |  86.1 | 100.0 |   N/A |  82.2 | 390.1
        Bailey |  13.6 |  13.9 |   0.0 |   N/A |  17.8 | 592.0
               +-------+-------+-------+-------+-------+----------------------
